 Dungeon Crawl Stone Soup version 0.28-b1-70-g80dc712255 (webtiles) character file.

Game seed: 16030247235770102616

100472 jjjjhere the Ogre Mage (level 16, -9/189 HPs)
             Began as an Ogre Summoner on Feb 1, 2022.
             Was the Champion of Cheibriados.
             Mangled by a pharaoh ant (18 damage)
             ... on level 2 of the Spider Nest on Feb 4, 2022.
             The game lasted 01:28:16 (32088 turns).

jjjjhere the Ogre Mage (Ogre Summoner)             Turns: 32088, Time: 01:28:17

Health: -9/189     AC: 35    Str: 34 (36) XL:     16   Next: 27%
Magic:  21/33      EV: 12    Int: 41 (43) God:    Cheibriados [******]
Gold:   1807       SH:  0    Dex: 21 (24) Spells: 11/41 levels left

rFire   . . .      SeeInvis .   V - +3 demon trident (venom)
rCold   . . .      Faith    .   t - +3 tower shield
rNeg    + . .      Spirit   .   (armour currently unavailable)
rPois   ∞          Reflect  +   E - +2 hat {Stlth+}
rElec   +          Harm     .   T - +2 cloak {rCorr}
rCorr   +          Rampage  .   (gloves unavailable)
Will    +....                   (boots unavailable)
Stlth   ++........              c - amulet of the Muttering Jester {Reflect Str+5 SH+5}
HPRegen 0.41/turn               v - +6 ring of intelligence
MPRegen 0.23/turn               n - +4 ring of evasion

@: confused, about to teleport, statue-form, very slow
A: slow and powerful, torment resistance 1, boosted hp, large, unfitting armour,
(tough skin 1)
a: End Transformation, Renounce Religion, Bend Time, Temporal Distortion,
Slouch, Step From Time


You were on level 2 of the Spider Nest.
You worshipped Cheibriados.
Cheibriados was exalted by your worship.
You were a living statue of rough stone.
You visited 4 branches of the dungeon, and saw 23 of its levels.
You also visited: Gauntlet.

You collected 1807 gold pieces.

Inventory:

Hand Weapons
 d - the +3 hand axe "Myxug" {vorpal, rPois rF+ Str+4}
   (You found it on level 4 of the Dungeon)

   It inflicts extra damage upon your enemies.
   Str:       It affects your strength (+4).
   rF:        It protects you from fire.
   rPois:     It protects you from poison.
 V - a +3 demon trident of venom (weapon)
Missiles
 g - 772 stones
 q - 3 throwing nets
 s - 12 curare-tipped darts
Armour
 l - a +2 robe of resistance (melded)
 t - a +3 tower shield (worn)
 E - a +2 hat of stealth (worn)
 T - a +2 cloak of preservation (worn)
Jewellery
 c - the amulet of the Muttering Jester (around neck) {Reflect Str+5 SH+5}
   (You took it off an orc on level 4 of the Dungeon)

   [amulet of reflection]

   It reflects blocked missile attacks.
   Str:       It affects your strength (+5).
   SH:        It affects your SH (+5).
 e - a ring of ice
 m - a ring of see invisible
 n - a +4 ring of evasion (right fist)
 v - a +6 ring of intelligence (left fist)
 K - a +6 ring of intelligence
 P - an amulet of the acrobat
 X - a ring of positive energy
 Y - a ring of magical power
Wands
 b - a wand of polymorph (20)
 o - a wand of digging (7)
 G - a wand of paralysis (28)
 M - a wand of flame (9)
 N - a wand of acid (8)
 W - a wand of iceblast (4)
 Z - a wand of mindburst (6)
Scrolls
 p - a scroll of holy word
 x - 2 scrolls of enchant armour
 y - 3 scrolls of magic mapping
 A - 5 scrolls of fog
 L - 4 scrolls of amnesia
 R - 2 scrolls of silence
Potions
 a - 2 potions of lignification
 f - 3 potions of might
 i - 2 potions of brilliance
 j - 3 potions of resistance
 r - 8 potions of mutation
 u - 3 potions of cancellation
 z - 4 potions of invisibility
 C - a potion of berserk rage
 D - 7 potions of curing
 H - a potion of ambrosia {unknown}
 I - 3 potions of attraction
 J - 4 potions of flight
 S - a potion of magic {unknown}
Miscellaneous
 h - a box of beasts
 w - a lightning rod (4/4)
 Q - a phial of floods
 U - a condenser vane


   Skills:
 + Level 6.8 Fighting
 + Level 12.2 Polearms
 - Level 1.7 Dodging
 - Level 1.4 Stealth
 - Level 9.9 Shields
 + Level 13.2 Spellcasting
 - Level 3.3 Conjurations
 - Level 7.2 Summonings
 - Level 10.3 Transmutations
 - Level 3.2 Fire Magic
 - Level 4.0 Ice Magic
 - Level 8.3 Air Magic
 - Level 10.3 Earth Magic


You had 11 spell levels left.
You knew the following spells:

 Your Spells              Type           Power      Damage    Failure   Level
a - Summon Small Mammal   Summ           100%       N/A       1%          1
b - Call Imp              Summ           72%        N/A       1%          2
c - Call Canine Familiar  Summ           72%        N/A       1%          3
d - Summon Lightning Spi  Summ/Air       74%        N/A       1%          4
e - Ozocubu's Armour      Ice            56%        N/A       2%          3
f - Blink                 Tloc           54%        N/A       8%          2
g - Sticky Flame          Conj/Fire      53%        2d7       12%         4
h - Statue Form           Tmut/Erth      56%        N/A       11%         6
i - Mephitic Cloud        Conj/Pois/Air  56%        N/A       3%          3
j - Wereblood             Tmut           84%        N/A       1%          2

Your spell library contained the following spells:

 Spells                   Type           Power      Damage    Failure   Level
 Beastly Appendage        Tmut           100%       N/A       1%          1
 Magic Dart               Conj           100%       1d8       1%          1
 Sandblast                Erth           100%       2d20      1%          1
 Sting                    Tmut/Pois      100%       1d8       1%          1
 Corpse Rot               Necr/Air       100%       N/A       1%          2
 Poisonous Vapours        Pois/Air       100%       N/A       1%          2
 Spider Form              Tmut/Pois      62%        N/A       1%          3
 Airstrike                Air            38%        N/A       1%          4
 Lee's Rapid Deconstruct  Erth           42%        3d21*     1%          5
 Ignite Poison            Fire/Tmut/Pois 59%        N/A       2%          3
 Conjure Flame            Conj/Fire      53%        6-21      3%          3
 Summon Guardian Golem    Hex/Summ       54%        N/A       3%          3
 Pain                     Necr           100%       1d9       4%          1
 Leda's Liquefaction      Hex/Erth       31%        N/A       6%          4
 Lightning Bolt           Conj/Air       33%        1d50      12%         5
 Cause Fear               Hex            13%        N/A       43%         4
 Dispel Undead            Necr           27%        3d13      43%         4
 Olgreb's Toxic Radiance  Pois           27%        N/A       43%         4
 Dragon Form              Tmut           42%        N/A       52%         7
 Conjure Ball Lightning   Conj/Air       33%        3x3d11    54%         6
 Eringya's Noxious Bog    Tmut/Pois      31%        N/A       65%         6
 Storm Form               Tmut/Air       40%        N/A       65%         7
 Agony                    Necr           27%        N/A       80%         5
 Excruciating Wounds      Necr           13%        N/A       80%         5
 Manifold Assault         Tloc           27%        N/A       80%         5
 Death Channel            Necr           13%        N/A       100%        6
 Ozocubu's Refrigeration  Ice            28%        4d10      100%        7
 Borgnjor's Revivificati  Necr           13%        N/A       100%        8
 Discord                  Hex            13%        N/A       100%        8
 Disjunction              Tloc           13%        N/A       100%        8
 Ignition                 Fire           26%        3d9       100%        8
 Necromutation            Tmut/Necr      31%        N/A       100%        8
 Death's Door             Necr           13%        N/A       100%        9
 Dragon's Call            Summ           36%        N/A       100%        9


Dungeon Overview and Level Annotations

Branches:
Dungeon (13/15) Temple (0/1) D:5 D:6 Lair (6/6) D:9 Shoals (0/4) Lair:2 Spider (2/4) Lair:3 Slime (0/5) Lair:5 Orc (2/2) D:12 Vaults (0/5) D:13 Gauntlet (visited) Elf: Orc:2

Altars:
Ashenzari
Cheibriados
Elyvilon
Gozag
Hepliaklqana
Makhleb
Nemelex Xobeh
Qazlal
Sif Muna
Vehumet
Xom
Zin

Shops:
D:1 (   D:4 *   Orc:2 (*[

Annotations:
D:4 exclusion: statue
D:6 3 runed translucent doors, BeavisTheGrey's ghost, novice TrMo; Eryximachus's ghost, novice VSWz; Vadun's ghost, novice GnWn; crazypyro's ghost, novice MiFi
D:7 1 runed translucent door, LustLizard's ghost, novice MiBe
Spider:1 2 transporters, packet's ghost, adept BaIE
Orc:2 Donald


Innate Abilities, Weirdness & Mutations

You are a living statue of rough stone.
Your actions are slow, but your melee attacks are powerful.
You are resistant to unholy torment.
Your maximum health is greatly increased.
You are immune to poison.
Your equipment is partially melded.
You are too large for most types of armour.
((You have tough skin. (AC +1)))


Message History

* * * LOW HITPOINT WARNING * * *
You feel much better.
You feel less confused.
You block the meliai's attack. x2; You block the tarantella's attack.
The meliai hits you with a +0 war axe.
The meliai stings you but does no damage.
The tarantella touches you.
* * * LOW HITPOINT WARNING * * *
The pharaoh ant bites you!
* * * LOW HITPOINT WARNING * * *
The meliai closely misses you. You block the meliai's attack.
The tarantella touches you but does no damage.
The pharaoh ant bites you!!
* * * LOW HITPOINT WARNING * * *
Okay, then.
You feel better.
The meliai invokes the aid of its god against you.
Something smites you!
* * * LOW HITPOINT WARNING * * *
You block the meliai's attack.
The meliai stings you but does no damage.
The tarantella closely misses you. You block the pharaoh ant's attack.
You block the jumping spider's attack. The jumping spider barely misses you.
You block the meliai's attack.
The meliai stings you but does no damage.
The pharaoh ant bites you but does no damage.
As you read the scroll of teleportation, it crumbles to dust.
You feel strangely unstable. You block the meliai's attack. x2
You block the jumping spider's attack. The jumping spider misses you.
The meliai closely misses you. The meliai barely misses you.
You block the tarantella's attack.
The tarantella is healed somewhat.
The pharaoh ant bites you but does no damage.
You block the jumping spider's attack. The jumping spider barely misses you.
The tarantella touches you.
* * * LOW HITPOINT WARNING * * *
You are confused.
The meliai misses you.
The meliai stings you but does no damage.
The tarantella is healed somewhat.
The pharaoh ant bites you!!
You die...

#### ###.<#
####.#..##
##.#^.....#
#^.#....### #
###^.......# #.
###8.....#......#
#..#s.....####.#..##
#..s8s.#### ######
##.yB### #..s.
#.s^## .†....
...#... ^.####.. ..
####


You could see an orb spider, a culicivora, a pharaoh ant, a jumping spider (ally
target), a tarantella, a redback, a meliai and a friendly lightning spire
(summoned).

Vanquished Creatures
  Nikola (Spider:1)
  Asterion (Spider:1)
  A ghost moth (Spider:1)
  A spark wasp (Spider:1)
  A fire dragon (D:13)
  A boulder beetle (Spider:1)
  2 two-headed ogres
  2 death yaks (Lair:5)
  An orc high priest (Orc:1)
  A pharaoh ant (Spider:1)
  3 steelbarb worms
  A harpy (Lair:6)
  A necromancer (Gauntlet)
  3 wolf spiders (Spider:1)
  2 ugly things
  2 elephants (Lair:6)
  2 cyclopes (D:13)
  2 moths of wrath (Spider:2)
  2 gargoyles
  Psyche (D:11)
  3 cane toads
  2 demonic crawlers (Spider:1)
  A rime drake (Lair:4)
  An unseen horror (shapeshifter) (D:13)
  3 komodo dragons
  6 meliai
  2 polar bears
  4 trolls
  8 tarantellas
  A hornet (D:13)
  Grinder (D:3)
  6 blink frogs
  2 slime creatures
  3 culicivoras (Spider:1)
  8 jumping spiders (Spider:1)
  2 wyverns
  A shadow (D:12)
  3 yaks
  10 redbacks
  A steam dragon (Lair:6)
  4 vampire mosquitoes (D:12)
  A warg (Orc:1)
  2 nameless horrors
  A black bear (Lair:1)
  8 orc warriors
  3 wolves
  2 ogres (Orc:1)
  A centaur (D:10)
  3 bullfrogs
  3 scorpions (D:8)
  2 wights (D:8)
  6 howler monkeys
  An electric eel (Lair:3)
  A crimson imp (Gauntlet)
  2 bullfrog zombies
  A hound (D:6)
  5 orc priests
  A centaur skeleton (D:6)
  3 orc wizards
  2 hell rats (Lair:5)
  A hound skeleton (D:5)
  2 adders (D:6)
  A worm (D:2)
  3 dart slugs
  24 orcs
  5 endoplasms
  4 giant cockroaches
  4 goblins
  2 hobgoblins (D:3)
  7 jackals
  2 quokkas (D:1)
  2 ball pythons
  4 bats
  2 frilled lizards
  9 kobolds
  2 rats
225 creatures vanquished.

Vanquished Creatures (collateral kills)
  Gastronok (Lair:1)
  An emperor scorpion (Spider:2)
  A minotaur (Gauntlet)
  3 boulder beetles
  4 hydras
  Harold (Lair:2)
  Fannar (D:11)
  An ice dragon (Lair:5)
  2 catoblepae
  A centaur warrior (D:13)
  A merfolk avatar (Lair:6)
  Erica (Lair:1)
  4 two-headed ogres
  9 death yaks
  Nergalle (D:11)
  A pharaoh ant (Spider:1)
  2 lindwurms
  A deep elf pyromancer (D:12)
  An orc sorcerer (Orc:1)
  4 cyclopes
  2 wolf spiders
  2 manticores (D:12)
  12 elephants
  5 black mambas
  16 cane toads
  A smoke demon (Gauntlet)
  A gargoyle (D:12)
  11 komodo dragons
  2 unseen horrors
  An efreet (D:13)
  5 rime drakes
  A red devil (Gauntlet)
  8 polar bears
  2 meliai (Spider:1)
  2 hornets (D:10)
  Prince Ribbit (D:7)
  4 trolls
  3 slime creatures
  3 snapping turtles (Lair:6)
  3 tarantellas (Spider:1)
  15 blink frogs
  4 dream sheep (Lair:4)
  A meliai zombie (D:11)
  2 jumping spiders (Spider:2)
  27 yaks
  A culicivora (Spider:1)
  A shadow (D:9)
  A small abomination (Gauntlet)
  2 wyverns (D:9)
  5 basilisks
  A steam dragon (D:7)
  5 vampire mosquitoes (D:12)
  9 redbacks
  2 neqoxecs (Gauntlet)
  A warg (Orc:1)
  An acid dragon (D:9)
  18 water moccasins
  4 sky beasts
  16 orc warriors
  6 black bears
  3 ice beasts (D:6)
  2 necrophages (D:7)
  10 ogres
  17 wolves
  3 centaurs (D:8)
  A phantom (D:4)
  A kobold brigand (D:10)
  A gnoll sergeant (D:8)
  3 scorpions
  9 bullfrogs
  A wyvern zombie (D:7)
  A water moccasin skeleton (D:7)
  3 nameless horrors
  3 wights (D:8)
  2 howler monkeys
  An electric eel (Lair:3)
  2 crimson imps (Gauntlet)
  4 hounds
  3 centaur zombies
  A centaur skeleton (D:6)
  10 orc priests
  3 gnoll shamans
  9 orc wizards
  5 hell rats
  2 killer bee zombies (D:7)
  20 gnolls
  9 adders
  2 white imps
  29 orcs
  3 ball pythons
  7 goblins
  2 hobgoblins (D:1)
  6 jackals
  9 bats
  A frilled lizard (D:2)
  6 kobolds
442 creatures vanquished.

Vanquished Creatures (others)
  Nessos (D:13)
  A demonic plant (Gauntlet)
  60 fungi
  54 plants
  2 withered plants (D:6)
118 creatures vanquished.

Grand Total: 785 creatures vanquished

Notes
Turn   | Place    | Note
-------+----------+-------------------------------------------
     0 | D:1      | jjjjhere the Ogre Summoner began the quest for the Orb.
     0 | D:1      | Reached XP level 1. HP: 16/16 MP: 3/3
   443 | D:1      | Got the Collected Works on Cankerous Earth
   451 | D:1      | Reached XP level 2. HP: 23/24 MP: 5/5
   693 | D:1      | Reached skill level 3 in Spellcasting
   773 | D:1      | Found Cakidghe's Weapon Emporium.
  1330 | D:1      | Learned a level 2 spell: Call Imp
  1416 | D:1      | Reached XP level 3. HP: 30/31 MP: 7/7
  1420 | D:1      | Learned a level 3 spell: Call Canine Familiar
  1922 | D:2      | Reached XP level 4. HP: 37/39 MP: 9/9
  1952 | D:2      | Learned a level 4 spell: Summon Lightning Spire
  2475 | D:2      | Reached skill level 4 in Spellcasting
  2698 | D:3      | Noticed Grinder
  2712 | D:3      | Paralysed by Grinder for 5 turns
  2718 | D:3      | Killed Grinder
  2719 | D:3      | Reached skill level 5 in Summonings
  2719 | D:3      | Reached XP level 5. HP: 15/45 MP: 2/12
  2719 | D:3      | Reached XP level 6. HP: 18/53 MP: 2/13
  3434 | D:3      | Found a faded altar of an unknown god.
  3443 | D:3      | Prayed at the altar of an unknown god.
  3443 | D:3      | Became a worshipper of Cheibriados the Contemplative
  3443 | D:3      | Reached * piety under Cheibriados
  3519 | D:3      | Reached skill level 5 in Spellcasting
  3968 | D:4      | HP: 16/54 [poisoned by a scorpion]
  3969 | D:4      | HP: 6/54 [poisoned by a scorpion]
  3977 | D:4      | Reached skill level 1 in Fighting
  3977 | D:4      | Reached skill level 1 in Polearms
  4243 | D:4      | Identified the amulet of the Muttering Jester {Reflect
                  | Str+5 SH+5}
  4364 | D:3      | Noticed a nameless horror
  4375 | D:3      | Killed a nameless horror
  4508 | D:4      | Reached skill level 1 in Shields
  4606 | D:4      | Reached XP level 7. HP: 54/62 MP: 7/14
  4701 | D:4      | Found a white marble altar of Elyvilon.
  4834 | D:4      | Reached ** piety under Cheibriados
  4903 | D:4      | Identified the +3 hand axe "Myxug" {vorpal, rPois rF+
                  | Str+4}
  5002 | D:4      | Found Haneulav's Assorted Antiques.
  5092 | D:4      | Found a radiant altar of Vehumet.
  5225 | D:4      | Found a glowing silver altar of Zin.
  5283 | D:5      | Entered Level 5 of the Dungeon
  5314 | D:5      | Noticed a nameless horror
  5329 | D:5      | Killed a nameless horror
  5431 | D:5      | Reached XP level 8. HP: 46/70 MP: 12/15
  5547 | D:5      | Found a broken altar of Ashenzari.
  5706 | D:5      | Found a sparkling altar of Nemelex Xobeh.
  5791 | D:5      | Found a staircase to the Ecumenical Temple.
  6336 | D:5      | Found a snail-covered altar of Cheibriados.
  6532 | D:6      | Reached *** piety under Cheibriados
  6533 | D:6      | Reached skill level 5 in Air Magic
  6536 | D:6      | Reached XP level 9. HP: 44/76 MP: 7/16
  6833 | D:6      | Reached skill level 5 in Shields
  7077 | D:6      | Learned a level 3 spell: Ozocubu's Armour
  7123 | D:6      | Found a runed translucent gate.
  7124 | D:6      | Found a runed translucent gate.
  7125 | D:6      | Found a runed translucent gate.
  7132 | D:6      | Noticed BeavisTheGrey's ghost (novice TrMo)
  7132 | D:6      | Noticed Vadun's ghost (novice GnWn)
  7132 | D:6      | Noticed crazypyro's ghost (novice MiFi)
  7133 | D:6      | Noticed Eryximachus's ghost (novice VSWz)
  7576 | D:7      | Reached skill level 1 in Ice Magic
  7760 | D:7      | Reached **** piety under Cheibriados
  7866 | D:7      | Reached skill level 6 in Spellcasting
  7887 | D:7      | Noticed Prince Ribbit
  7889 | D:7      | Noticed a boulder beetle
  7890 | D:7      | Noticed a cyclops
  8076 | D:7      | Upgraded the game from 0.28-b1-25-g9875b3fc8c to
                  | 0.28-b1-70-g80dc712255
  8196 | D:7      | Killed Prince Ribbit
  8197 | D:7      | Reached XP level 10. HP: 85/85 MP: 13/19
  8550 | D:7      | Killed a cyclops
  8811 | D:7      | Found a runed translucent door.
  8811 | D:7      | Found a shimmering altar of Xom.
  8811 | D:7      | Noticed LustLizard's ghost (novice MiBe)
  8812 | D:7      | Noticed a +0 spear of chaos
  9030 | D:7      | Killed a boulder beetle
  9031 | D:7      | Reached skill level 7 in Spellcasting
  9164 | D:7      | Learned a level 2 spell: Blink
  9241 | D:7      | Reached ***** piety under Cheibriados
  9267 | D:7      | You fall into a shaft and drop 3 floors!
  9267 | D:10     | Entered Level 10 of the Dungeon
  9284 | D:10     | Noticed a two-headed ogre
  9317 | D:10     | Found a stormy altar of Qazlal.
  9586 | D:10     | Reached skill level 8 in Spellcasting
  9791 | D:9      | Noticed a two-headed ogre
  9801 | D:9      | Killed a two-headed ogre
  9802 | D:9      | Reached XP level 11. HP: 92/92 MP: 13/23
 10512 | D:8      | Reached skill level 9 in Spellcasting
 10593 | D:8      | Found a burning altar of Makhleb.
 10741 | D:8      | Noticed a cyan ugly thing
 11941 | D:9      | Reached ****** piety under Cheibriados
 11993 | D:9      | Found a hazy altar of Hepliaklqana.
 12101 | D:9      | Found a staircase to the Lair.
 12214 | D:9      | Learned a level 4 spell: Sticky Flame
 12549 | D:9      | Found a shimmering blue altar of Sif Muna.
 12581 | Lair:1   | Entered Level 1 of the Lair of Beasts
 12782 | Lair:1   | Reached skill level 1 in Conjurations
 12782 | Lair:1   | Reached skill level 1 in Fire Magic
 12854 | Lair:1   | Noticed a five-headed hydra
 12865 | Lair:1   | Killed a five-headed hydra
 13062 | Lair:1   | Learned a level 6 spell: Statue Form
 13187 | Lair:1   | Reached XP level 12. HP: 100/100 MP: 25/25
 13290 | Lair:1   | Noticed Erica
 13305 | Lair:1   | Killed Erica
 13306 | Lair:1   | Reached skill level 10 in Spellcasting
 13424 | Lair:1   | Noticed Gastronok
 13441 | Lair:1   | Reached skill level 5 in Polearms
 13443 | Lair:1   | Killed Gastronok
 13824 | Lair:2   | Found a staircase to the Shoals.
 14131 | Lair:2   | Noticed a seven-headed hydra
 14141 | Lair:2   | Killed a seven-headed hydra
 14142 | Lair:2   | Reached skill level 1 in Transmutations
 14142 | Lair:2   | Reached skill level 1 in Earth Magic
 14594 | Lair:2   | Noticed Harold
 14608 | Lair:2   | Killed Harold
 14967 | Lair:3   | Reached skill level 11 in Spellcasting
 15080 | Lair:3   | Noticed a four-headed hydra
 15092 | Lair:3   | Killed a four-headed hydra
 15093 | Lair:3   | Reached XP level 13. HP: 106/106 MP: 19/28
 15275 | Lair:3   | Found a hole to the Spider Nest.
 15730 | Lair:3   | HP: 28/106 [catoblepas (23)]
 16164 | Lair:3   | Learned a level 3 spell: Mephitic Cloud
 17765 | Lair:4   | Reached skill level 5 in Earth Magic
 17778 | Lair:4   | Reached skill level 5 in Transmutations
 19077 | Lair:5   | Reached XP level 14. HP: 88/114 MP: 15/29
 20074 | Lair:5   | Found a staircase to the Slime Pits.
 20436 | Lair:6   | Entered Level 6 of the Lair of Beasts
 20887 | Lair:5   | Reached skill level 10 in Polearms
 21355 | Lair:6   | Identified the +7 falchion "Vadwoh" {speed, *Rage Will++
                  | Dex+5}
 23059 | D:10     | Found an opulent altar of Gozag.
 23250 | D:11     | Noticed Fannar
 23307 | D:11     | Killed Fannar
 23503 | D:11     | Reached XP level 15. HP: 113/120 MP: 20/30
 23728 | D:11     | Noticed Psyche
 23748 | D:11     | Killed Psyche
 24016 | D:11     | Noticed Nergalle
 24026 | D:11     | Killed Nergalle
 24418 | D:12     | Found a gate leading to a gauntlet.
 24423 | Gauntlet | Entered a Gauntlet
 24423 | Gauntlet | Found a transporter.
 24423 | Gauntlet | Found a transporter.
 24423 | Gauntlet | Found a runed translucent door.
 24426 | Gauntlet | Found a runed translucent door.
 24436 | Gauntlet | Found a transporter.
 24453 | Gauntlet | Found a transporter.
 24453 | Gauntlet | Found a transporter.
 24457 | Gauntlet | Found a transporter.
 24457 | Gauntlet | Found a transporter.
 24459 | Gauntlet | Noticed a balrug
 24460 | Gauntlet | Found a transporter.
 24471 | Gauntlet | Found a transporter.
 24486 | Gauntlet | Found a transporter.
 24495 | Gauntlet | Found a runed translucent door.
 24496 | Gauntlet | Found a transporter.
 24497 | Gauntlet | Found a runed translucent door.
 24512 | Gauntlet | Found a transporter.
 24535 | Gauntlet | Found a transporter.
 24550 | Gauntlet | Found a transporter.
 25283 | D:12     | Found a staircase to the Orcish Mines.
 25647 | D:12     | Reached skill level 10 in Transmutations
 25722 | D:12     | Reached skill level 10 in Earth Magic
 26122 | Orc:1    | Entered Level 1 of the Orcish Mines
 26759 | Orc:1    | Learned a level 2 spell: Wereblood
 26853 | Orc:2    | Entered Level 2 of the Orcish Mines
 26853 | Orc:2    | Noticed an orc warlord
 26853 | Orc:2    | Found Quosm's Antique Weapon Shop.
 26895 | Orc:2    | Found Gekhlaopp's Antique Armour Boutique.
 26895 | Orc:2    | Found Pasyss's General Store.
 26928 | Orc:2    | Noticed Donald
 27163 | Orc:1    | HP: 28/124 [orc knight (15)]
 27163 | Orc:1    | HP: 8/124 [orc warrior (20)]
 27169 | Orc:1    | Reached skill level 12 in Spellcasting
 27507 | D:13     | Noticed Nessos
 27524 | D:13     | Killed Nessos
 28642 | D:13     | Found a gate to the Vaults.
 28834 | Spider:1 | Entered Level 1 of the Spider Nest
 29167 | Spider:1 | Reached skill level 5 in Fighting
 29237 | Spider:1 | Noticed Nikola
 29242 | Spider:1 | Killed Nikola
 29730 | Spider:1 | Noticed a ghost moth
 29741 | Spider:1 | Reached XP level 16. HP: 98/144 MP: 1/32
 29915 | Spider:1 | Noticed Asterion
 29921 | Spider:1 | Noticed packet's ghost (adept BaIE)
 29929 | Spider:1 | HP: 59/180 [something (2)]
 30614 | Spider:1 | Killed Asterion
 31209 | Spider:1 | Found a transporter.
 31264 | Spider:1 | Found a transporter.
 31291 | Spider:1 | Reached skill level 13 in Spellcasting
 31650 | Spider:1 | HP: 47/144 [something (8)]
 32072 | Spider:2 | HP: 57/189 [meliai/divine providence (16)]
 32075 | Spider:2 | HP: 15/189 [steelbarb worm (32)]
 32084 | Spider:2 | HP: 51/189 [pharaoh ant (9)]
 32086 | Spider:2 | HP: 23/189 [pharaoh ant (20)]
 32088 | Spider:2 | HP: 9/189 [tarantella (6)]
 32088 | Spider:2 | Mangled by a pharaoh ant

Illustrated notes

Levels and vault maps discovered:
D:1:      tarquinn_simple_flora_water_a, layout_basic, serial_shops, shop,
          minmay_tree_intersection, minmay_misc_feat_tower, minivault_19
D:2:      layout_loops_ring
D:3:      layout_loops_ring, basic_ecumenical_altar, minmay_door_square,
          uniq_grinder
D:4:      layout_loops_cross, lemuel_crystal_altar, vehumet_statue,
          elyvilon_altar_5, serial_shops, shop
D:5:      layout_basic, ashenzari_altar_1, mainiacjoe_overflow_alcove_4,
          lemuel_crystal_altar, minmay_temple_entry_hall, serial_bayou_crossing
D:6:      layout_loops_ring, gammafunk_ghost_cemetery,
          minmay_fractal_squares_diagonal_5
D:7:      minmay_chambers_of_sevens, layout_basic, ebering_ghost_xom,
          columned_hall_lemuel, minivault_19, uniq_prince_ribbit1
D:8:      old_forge, layout_basic, makhleb_blood_cavern_becter,
          onia_ninara_dug_in_and_dangerous
D:9:      layout_stronghold, mainiacjoe_overflow_brackets, kennysheep_mini_moat,
          david_lair_generic
D:10:     minmay_spotlight, layout_rooms, nicolae_qazlal_general_emergency,
          grunt_gozag_breadcrumbs, chequers_serial_rivers_room_a, minmay_holes,
          minmay_misc_feat_room, chequers_serial_rivers_micro_c
D:11:     layout_stronghold, uniq_psyche, uniq_fannar, uniq_nergalle
D:12:     layout_loops_ring, erik_orc_3, gauntlet_entry_generic
D:13:     layout_basic, david_vaults_4, uniq_nessos
Lair:1:   layout_roguey, uniq_gastronok, uniq_erica
Lair:2:   layout_long_grid, shoals_dummy_entry, patterned_corridor,
          lemuel_fruit_tree, grunt_megastairs_2, serial_bayou_shore_b,
          uniq_harold
Lair:3:   layout_gridlike, spider_nest_entry_webs, grunt_megastairs_3,
          infiniplex_staircase_pool
Lair:4:   layout_layer_cave
Lair:5:   layout_cave_pods, dpeg_slime_entry_corner,
          portal_ice_cave_entry_animals_and_master, st_stairs_9,
          beast_lair_carwin_3
Lair:6:   gammafunk_lair_ancient_temple, layout_regular_city, uniq_kirke
Spider:1: layout_spider_delve, gammafunk_ghost_arena, uniq_asterion, uniq_nikola
Spider:2: layout_spider_delve
Orc:1:    layout_caves
Orc:2:    grunt_orc_gardens, layout_diamond_mine, grunt_orc_garden,
          grunt_orc_garden, grunt_orc_garden, grunt_orc_garden, serial_shops,
          shop, uniq_donald, uniq_erolcha

Skill      XL: |  1  2  3  4  5  6  7  8  9 10 11 12 13 14 15 16 |
---------------+-------------------------------------------------+-----
Spellcasting   | 3 4 5 6 8 9 11 12 13 | 13.2
Summonings     | 4 5 6 7 |  7.2
Air Magic      | 2 3 5 6 7 8 |  8.3
Fighting       | 1 6 |  6.8
Polearms       | 1 4 7 9 11 12 | 12.2
Shields        | 1 2 4 6 7 9 |  9.9
Ice Magic      | 2 4 |  4.0
Conjurations   | 2 3 |  3.3
Fire Magic     | 2 3 |  3.2
Transmutations | 3 6 8 10 | 10.3
Earth Magic    | 3 6 8 10 | 10.3
Dodging        | |  1.7
Stealth        | |  1.4

Action                   |  1- 3 |  4- 6 |  7- 9 | 10-12 | 13-15 | 16-18 || total
-------------------------+-------+-------+-------+-------+-------+-------++-------
Melee: Unarmed           |    14 |       |       |       |       |       ||    14
       Spear             |    82 |   150 |   123 |   201 |   404 |       ||   960
       Punch             |     1 |     1 |       |       |       |       ||     2
       Demon trident     |       |       |       |       |   235 |   107 ||   342
 Cast: Summon Small Mamm |    10 |     5 |    17 |     6 |     6 |       ||    44
       Call Canine Famil |     4 |    16 |    22 |    57 |   141 |    12 ||   252
       Call Imp          |     1 |    10 |     9 |     9 |    32 |       ||    61
       Summon Lightning  |       |       |     7 |    56 |   150 |     9 ||   222
       Ozocubu's Armour  |       |       |       |       |     6 |       ||     6
       Mephitic Cloud    |       |       |       |       |     3 |       ||     3
       Statue Form       |       |       |       |       |    10 |     8 ||    18
       Wereblood         |       |       |       |       |     2 |     1 ||     3
       Sticky Flame      |       |       |       |       |     1 |       ||     1
  Use: Potion            |       |     4 |       |       |     1 |     6 ||    11
       Scroll            |       |     3 |     3 |     6 |    14 |     8 ||    34
 Stab: Sleeping          |       |     4 |     2 |     5 |     1 |     1 ||    13
       Distracted        |       |       |     1 |     8 |    29 |     2 ||    40
       Petrified         |       |       |       |       |     1 |       ||     1
Armor: Robe              |    24 |    39 |    10 |    18 |    77 |    11 ||   179
       Skin              |       |       |       |       |    61 |   118 ||   179
Dodge: Dodged            |    43 |    63 |    26 |    34 |   168 |    91 ||   425
Block: Tower shield      |       |    29 |   106 |   252 |   735 |   252 ||  1374
       Reflection        |       |       |     1 |     9 |    11 |       ||    21
